 Dungeon Crawl Stone Soup version 0.19-a0-1714-gcab94ab (webtiles) character file.

471 KristoblXynda the Sneak (level 6, -2/28 HPs)
             Began as a Spriggan Enchanter on Sept 28, 2016.
             Slain by an orc priest
             ... wielding a +0 hand axe
              (4 damage)
             ... on level 4 of the Dungeon.
             The game lasted 00:05:52 (3486 turns).

KristoblXynda the Sneak (Spriggan Enchanter)        Turns: 3486, Time: 00:05:53

Health: -2/28      AC:  4    Str:  4    XL:     6   Next: 83%
Magic:  6/15       EV: 18    Int: 18    God:
Gold:   130        SH:  0    Dex: 17    Spells: 5 memorised, 4 levels left

rFire  . . .     SeeInvis +     g - +2 dagger (venom)
rCold  + . .     Gourm    .     b - +1 robe
rNeg   . . .     Faith    .     (shield restricted)
rPois  .         Spirit   .     (helmet restricted)
rElec  .         Dismiss  .     (no cloak)
rCorr  .         Reflect  .     (gloves unavailable)
MR     +....     Harm     .     (boots unavailable)
Stlth  ++++......               (no amulet)
                                (no ring)
                                e - ring of protection from cold

@: very quick
A: unfitting armour, see invisible, herbivore 3, speed 3, slow metabolism 2
a: no special abilities


You were on level 4 of the Dungeon.
You were not hungry.

You visited 1 branch of the dungeon, and saw 4 of its levels.

You collected 130 gold pieces.

Inventory:

Hand Weapons
 g - a +2 dagger of venom (weapon)
 j - a +4 dagger
Armour
 b - a +1 robe (worn)
Jewellery
 e - a ring of protection from cold (left hand)
Wands
 l - a wand of flame (24/48)
Scrolls
 a - a scroll of amnesia {unknown}
 i - a scroll of teleportation
Potions
 h - a potion of might
 m - a potion of heal wounds
Books
 c - a book of Maledictions

   Spells                             Type                      Level
   a - Corona                         Hexes                        1
   b - Ensorcelled Hibernation        Hexes/Ice                    2
   c - Confuse                        Hexes                        3
   d - Tukima's Dance                 Hexes                        3
   e - Dazzling Spray                 Conjuration/Hexes            3
Comestibles
 d - 2 bread rations


   Skills:
 - Level 1.1 Short Blades
 - Level 3.0 Dodging
 + Level 7.8 Stealth
 + Level 5.7 Spellcasting
 + Level 6.0 Hexes


You had 4 spell levels left.
You knew the following spells:

 Your Spells              Type           Power        Failure   Level  Hunger
a - Corona                Hex            ####...      1%          1    None
b - Ensorcelled Hibernat  Hex/Ice        ###...       8%          2    None
c - Confuse               Hex            ####....     2%          3    ##.....
d - Tukima's Dance        Hex            ####....     2%          3    ##.....
e - Dazzling Spray        Conj/Hex       ###...       14%         3    ##.....


Dungeon Overview and Level Annotations

Branches:
Dungeon (4/15)
 Temple: D:4-7

Altars:


Innate Abilities, Weirdness & Mutations

You are very small and have problems with some larger weapons.
You are too small for most types of armour.
You have supernaturally acute eyesight. (SInv)
You are a herbivore.
You cover ground extremely quickly.
You need consume almost no food.


Message History

You start resting.
The orc priest barely misses you.
Casting: Ensorcelled Hibernation
Confirm with . or Enter, or press ? or * to list all spells.
Aiming: Ensorcelled Hibernation
Press: ? - help, Shift-Dir - straight line, f - orc priest
Aim: an orc priest, wielding a hand axe and wearing a ring mail (chance to defeat MR: 47%)
The orc priest resists with some effort.
The orc priest mumbles some strange prayers to Beogh against you.
Beogh smites you!
* * * LOW HITPOINT WARNING * * *
You hear a shout!
Casting: Ensorcelled Hibernation
Confirm with . or Enter, or press ? or * to list all spells.
Aiming: Ensorcelled Hibernation
Press: ? - help, Shift-Dir - straight line, f/p - orc priest
Aim: an orc priest, wielding a hand axe and wearing a ring mail (chance to defeat MR: 47%)
The orc priest resists with some effort.
The orc priest hits you with a hand axe.
You die...

.... ..# ### ..#
###<# ... . ..#.#
##.# ...# #.#.###
.#.#+#..#.#.#.#.@.#
..............###o#
.o<............)..#
o......#.##..).####
..........o..#..
......##.#....##.
............#. .#
......##.#.... #
......o. #.^..


You could see an orc priest.

Vanquished Creatures
  Sigmund (D:3)
  A jelly (D:3)
  2 orc wizards (D:4)
  Jessica (D:2)
  Natasha (thrice) (D:2)
  5 adders
  2 worms (D:2)
  2 leopard geckos
  10 orcs
  6 goblins
  6 hobgoblins
  2 jackals (D:2)
  10 kobolds
  2 quokkas (D:2)
  2 ball pythons (D:1)
  4 bats
  9 frilled lizards
  6 rats
74 creatures vanquished.

Notes
Turn   | Place    | Note
-------+----------+-------------------------------------------
     0 | D:1      | KristoblXynda the Spriggan Enchanter began the quest for the Orb.
     0 | D:1      | Reached XP level 1. HP: 9/9 MP: 5/5
   333 | D:1      | Reached XP level 2. HP: 13/13 MP: 6/6
   889 | D:1      | Learned a level 2 spell: Ensorcelled Hibernation
   920 | D:2      | Reached skill level 5 in Stealth
  1152 | D:2      | Reached XP level 3. HP: 13/16 MP: 3/8
  1540 | D:2      | Noticed Jessica
  1543 | D:2      | Reached XP level 4. HP: 21/21 MP: 10/10
  1559 | D:2      | Killed Jessica
  1751 | D:2      | Noticed Natasha
  1754 | D:2      | Killed Natasha
  1881 | D:2      | Noticed Natasha
  1887 | D:2      | Killed Natasha
  1887 | D:2      | Reached skill level 6 in Stealth
  1887 | D:2      | Reached skill level 5 in Hexes
  1887 | D:2      | Reached XP level 5. HP: 15/24 MP: 7/12
  2024 | D:2      | Noticed Natasha
  2038 | D:2      | Killed Natasha
  2768 | D:3      | Noticed Sigmund
  2777 | D:3      | Killed Sigmund
  2777 | D:3      | Reached skill level 7 in Stealth
  2777 | D:3      | Reached skill level 5 in Spellcasting
  2777 | D:3      | Reached XP level 6. HP: 8/28 MP: 11/15
  2783 | D:3      | Learned a level 3 spell: Confuse
  2787 | D:3      | Learned a level 3 spell: Tukima's Dance
  2791 | D:3      | Learned a level 3 spell: Dazzling Spray
  3485 | D:4      | HP: 1/28 [orc priest/divine providence (10)]
  3486 | D:4      | Slain by an orc priest

Vault maps used:
D:1:      grunt_arrival_crossed_arrows, minmay_misc_feat_alley,
          roderic_cross_of_infinity, serial_park_tiny_2
D:2:      first_bread, uniq_jessica, uniq_natasha
D:3:      uniq_sigmund
D:4:      serial_shops, shop, uniq_blork_the_orc, uniq_edmund

Skill      XL: |  1  2  3  4  5  6 |
---------------+-------------------+-----
Spellcasting   | 3 4 5 |  5.7
Stealth        | 5 6 7 |  7.8
Hexes          | 4 5 6 |  6.0
Short Blades   | |  1.1
Dodging        | |  3.0

Action                   |  1- 3 |  4- 6 || total
-------------------------+-------+-------++-------
Melee: Dagger            |   130 |    96 ||   226
 Cast: Ensorcelled Hiber |     5 |    27 ||    32
Evoke: Wand              |       |     1 ||     1
  Use: Scroll            |       |     6 ||     6
 Stab: Sleeping          |    13 |    25 ||    38
  Eat: Pizza             |       |     1 ||     1
Armor: Robe              |    18 |     8 ||    26
Dodge: Dodged            |    90 |    57 ||   147
